 Dungeon Crawl Stone Soup version 0.32-a0-329-ge6c31236d6 (webtiles) character file.

Game seed: 5058310135483149509

344 Atlas the Firebug (level 6, -1/41 HPs)
             Began as a Demonspawn Fire Elementalist on Feb 16, 2024.
             Succumbed to a scorpion's poison
             ... on level 3 of the Dungeon.
             The game lasted 00:02:26 (2648 turns).

Atlas the Firebug (Demonspawn Fire Elementalist)    Turns: 2648, Time: 00:02:26

Health: -1/41      AC:  2    Str:  8    XL:     6   Next: 31%
Magic:  2/12       EV: 12    Int: 17    God:
Gold:   85         SH:  0    Dex: 14    Spells: 10/13 levels left

rFire   . . .        (no weapon)
rCold   . . .        (no shield)
rNeg    . . .        a - +0 robe
rPois   .            (no helmet)
rElec   .            (no cloak)
rCorr   .            (no gloves)
SInv    .            (no boots)
Will    .....        (no amulet)
Stlth   ++           (no ring)
HPRegen 0.26/turn    (no ring)
MPRegen 0.13/turn

%: no passive effects
@: lethally poisoned (-1 -> -16), very slightly contaminated
A: claws 1, demonic guardian 1, foul stench 2
a: no special abilities


You were on level 3 of the Dungeon.
You visited 1 branch of the dungeon, and saw 3 of its levels.

You collected 85 gold pieces.

Inventory:

Armour
 a - a +0 robe (worn)
Wands
 g - a wand of flame (21)
Scrolls
 c - a scroll of torment {unknown}
 f - a scroll of identify {unknown}
Potions
 b - 3 potions of magic
 d - a potion of brilliance {unknown}
 e - a potion of mutation {unknown}
 h - a potion of lignification {unknown}


   Skills:
 + Level 0.3 Fighting
 + Level 2.0 Dodging
 + Level 2.2 Stealth
 + Level 4.3 Spellcasting
 + Level 2.1 Conjurations
 + Level 4.4 Fire Magic


You had 10 spell levels left.
You knew the following spells:

 Your Spells              Type           Power      Damage    Failure   Level
a - Scorch                Fire           36%        2d6       3%          2
b - Foxfire               Conj/Fire      56%        2x1d6     4%          1

Your spell library contained the following spells:

 Spells                   Type           Power      Damage    Failure   Level
 Slow                     Hex            12%        N/A       16%         1
 Inner Flame              Hex/Fire       11%        N/A       19%         3
 Volatile Blastmotes      Fire/Tloc      22%        2d11      19%         3
 Flame Wave               Conj/Fire      14%        2d6       36%         4
 Confusing Touch          Hex            3%         N/A       41%         3
 Sigil of Binding         Hex            3%         N/A       41%         3
 Vampiric Draining        Necr           3%         2d6       41%         3
 Summon Blazeheart Golem  Fire/Summ      11%        N/A       52%         4
 Fireball                 Conj/Fire      7%         3d5       73%         5
 Animate Dead             Necr           3%         N/A       83%         4
 Cause Fear               Hex            1%         N/A       83%         4
 Borgnjor's Vile Clutch   Necr/Erth      1%         N/A       99%         5
 Death Channel            Necr           1%         N/A       100%        6
 Orb of Destruction       Conj           5%         9d5       100%        7
 Spellforged Servitor     Conj/Summ      3%         N/A       100%        7
 Dragon's Call            Summ           1%         N/A       100%        9


Dungeon Overview and Level Annotations

Branches:
Dungeon (3/15)

Altars:

Shops:
D:1 !


Innate Abilities, Weirdness & Mutations

You have sharp fingernails.
A weak demonic guardian rushes to your aid.
You sometimes emit foul miasma when damaged in melee.


Message History

The scorpion is moderately wounded.
The scorpion stings you.
You are poisoned.
The scorpion poisons you!
You conjure some foxfire!
You feel very sick. The scorpion stings you.
You miscast Foxfire.
You are very lightly contaminated with residual magic.
Nothing appears to happen.
You feel sick.
The foxfire hits the scorpion but does no damage.
The scorpion is moderately wounded.
The foxfire hits the scorpion but does no damage.
The scorpion is moderately wounded.
The scorpion stings you.
You are lethally poisoned!
The scorpion poisons you!
You emit a cloud of foul miasma!
The orc hits you with a +0 club.
You are too injured to fight recklessly!
You are too injured to fight recklessly!
You are too injured to fight recklessly!
You are too injured to fight recklessly!
Unknown command.
You are too injured to fight recklessly!
You are too injured to fight recklessly!
Casting: Foxfire (safe; 4% risk of failure)
Confirm with . or Enter, or press ? or * to list all spells.
Flames lash the orc.
You kill the orc!
* * * LOW HITPOINT WARNING * * *
You feel very sick.
The scorpion is engulfed in dark miasma.
The scorpion is poisoned.
The scorpion stings you.
* * * LOW HITPOINT WARNING * * *
A demonic guardian appears!
Unknown command.
Casting: Scorch (safe; 3% risk of failure)
Confirm with . or Enter, or press ? or * to list all spells.
Flames lash the scorpion but do no damage.
You die...

..###.#.##.#.#########........
#.#..#.#.................. .
#†.....#########........ ..
#..#.#.# ..............
.[.....#.#.###. ####........
.#####....#.#.. #........
#....#.#.##### #........
##.#.#.#)5...# #........
..#...@s....# #........
#####.......# #........
#.#.J.### #.####### #.#o....
#.#.....# #.##..#.# #.. ..#>..
## #.# #)


You could see a scorpion (poisoned, combustible, ally target), an orc, an
endoplasm and a friendly shadow imp (summoned).

Vanquished Creatures
  Sigmund (D:2)
  Natasha (thrice) (D:2)
  A gnoll (D:1)
  3 adders
  A dart slug (D:1)
  A ribbon worm (D:2)
  An orc (D:3)
  2 endoplasms
  2 giant cockroaches
  2 goblins (D:1)
  4 hobgoblins
  4 jackals
  A quokka (D:2)
  6 ball pythons
  4 bats
  A frilled lizard (D:2)
  2 rats
39 creatures vanquished.

Vanquished Creatures (others)
  52 foxfires
52 creatures vanquished.

Grand Total: 91 creatures vanquished

Notes
Turn   | Place    | Note
-------+----------+-------------------------------------------
     0 | D:1      | Atlas the Demonspawn Fire Elementalist began the quest for
                  | the Orb.
     0 | D:1      | Reached XP level 1. HP: 13/13 MP: 3/3
   164 | D:1      | Gained mutation: You may rarely emit foul miasma when
                  | damaged in melee. [demonic ancestry]
   164 | D:1      | Reached XP level 2. HP: 19/19 MP: 1/5
   241 | D:1      | Found Jueqoehe's Distillery.
   500 | D:1      | Gained mutation: You have sharp fingernails. [demonic
                  | ancestry]
   500 | D:1      | Reached XP level 3. HP: 24/24 MP: 1/6
  1119 | D:2      | Noticed Natasha
  1125 | D:2      | Killed Natasha
  1342 | D:1      | Gained mutation: A weak demonic guardian rushes to your
                  | aid. [demonic ancestry]
  1342 | D:1      | Reached XP level 4. HP: 23/30 MP: 4/8
  1348 | D:1      | Learned a level 2 spell: Scorch
  1569 | D:2      | Noticed Natasha
  1575 | D:2      | Killed Natasha
  1731 | D:2      | Noticed Natasha
  1736 | D:2      | Killed Natasha
  1805 | D:2      | Reached XP level 5. HP: 35/35 MP: 6/9
  2197 | D:2      | Noticed Sigmund
  2210 | D:2      | Killed Sigmund
  2211 | D:2      | Gained mutation: You sometimes emit foul miasma when
                  | damaged in melee. [demonic ancestry]
  2211 | D:2      | Reached XP level 6. HP: 34/41 MP: 0/12
  2648 | D:3      | Succumbed to a scorpion's poison

Illustrated notes

Levels and vault maps discovered:
D:1:      giann_bridges, layout_basic, serial_shops,
          nicolae_shop_hallway_stairs, nicolae_figureground_sparkle
D:2:      layout_loops_ring, uniq_sigmund, uniq_natasha
D:3:      layout_basic, serial_shops, nicolae_square_shop

Skill      XL: |  1  2  3  4  5 |
---------------+----------------+-----
Fire Magic     | 3 4 |  4.4
Stealth        | 2 |  2.2
Conjurations   | 2 |  2.1
Dodging        | 2 |  2.0
Spellcasting   | 3 4 |  4.3
Fighting       | |  0.3

Action                     |  1- 3 |  4- 6 || total
---------------------------+-------+-------++-------
  Melee: Unarmed           |     8 |     4 ||    12
   Cast: Foxfire           |    51 |     5 ||    56
         Scorch            |       |    30 ||    30
 Armour: Robe              |    19 |    16 ||    35
  Dodge: Dodged            |    23 |    11 ||    34

Table legend: (Time is in decaauts)
 A = Elapsed time spent in this place.
 B = Non-inter-level travel time spent in this place.
 C = Inter-level travel time spent in this place.
 D = Time resting spent in this place.
 E = Time spent auto-exploring this place.
 F = Levels seen in this place.
 G = Mean time per level.
                   A        B        C        D        E       F      G
               +--------+--------+--------+--------+--------+-----+--------+
         Total |   2648 |   2590 |     58 |      0 |   2311 |   3 |  882.7 |
       Dungeon |   2648 |   2590 |     58 |      0 |   2311 |   3 |  882.7 |
               +--------+--------+--------+--------+--------+-----+--------+

Top non-repeatable levels by time:
     D:2: 1228 daAuts
     D:1: 1185 daAuts
     D:3: 234 daAuts
